 Dungeon Crawl Stone Soup version 0.29.1-12-g30fa7ad0bf (webtiles) character file.

Game seed: 15530448450704421975

1248 hawla the Zephyrmancer (level 9, -3/62 HPs)
             Began as a Meteoran Air Elementalist on Jan 1, 2023.
             Was an Initiate of Vehumet.
             Slain by an orc warrior
             ... wielding a +0 mace
              (10 damage)
             ... on level 7 of the Dungeon.
             The game lasted 00:10:10 (2208 turns).

hawla the Zephyrmancer (Meteoran Air Elementalist)  Turns: 2208, Time: 00:10:11

Health: -3/62      AC:  4    Str:  9    XL:     9   Next: 7%
Magic:  5/22       EV: 13    Int: 21    God:    Vehumet [......]
Gold:   114        SH:  0    Dex: 16    Spells: 17/24 levels left

rFire   . . .      SeeInvis .   (no weapon)
rCold   . . .      Faith    .   (no shield)
rNeg    . . .      Spirit   .   a - +0 robe
rPois   .          Reflect  .   f - +0 helmet
rElec   .          Harm     .   (no cloak)
rCorr   .          Rampage  .   l - +0 pair of gloves
Will    +....                   (no boots)
Stlth   +.........              (no amulet)
HPRegen 0.20/turn               (no ring)
MPRegen 0.18/turn               (no ring)

@: hasted, glowing, studying Ranged Weapons, very quick
A: sense surroundings 2, otherworldly, glowing, explore regen
a: Renounce Religion


You were on level 7 of the Dungeon.
You worshipped Vehumet.
Vehumet was noncommittal.
You visited 2 branches of the dungeon, and saw 8 of its levels.

You collected 114 gold pieces.

Inventory:

Armour
 a - a +0 robe (worn)
 f - a +0 helmet (worn)
 l - a +0 pair of gloves (worn)
Jewellery
 b - a +6 ring of dexterity
 m - a ring of protection from cold
Wands
 g - a wand of polymorph (2) (quivered)
Scrolls
 c - a scroll of teleportation
 e - a scroll of identify
Potions
 d - a potion of brilliance
 i - a potion of curing
 j - a potion of haste
 n - a potion of attraction
 o - a potion of degeneration
 q - a potion of might


   Skills:
 + Level 3.2 Dodging
 - Level 1.4 Stealth
 + Level 8.1 Spellcasting
 + Level 3.9 Conjurations
 + Level 8.5 Air Magic
 + Level 2.0 Evocations


You had 17 spell levels left.
You knew the following spells:

 Your Spells              Type           Power      Damage    Failure   Level
a - Shock                 Conj/Air       100%       1d9       1%          1
b - Static Discharge      Conj/Air       34%        3-8/arc   1%          2
c - Airstrike             Air            22%        2d(4-20)  2%          4

Your spell library contained the following spells:

 Spells                   Type           Power      Damage    Failure   Level
 Swiftness                Air            44%        N/A       1%          3


Dungeon Overview and Level Annotations

Branches:
Dungeon (7/15) Zot: 2202   Temple (1/1) D:5 Zot: 393

Altars:
Cheibriados
Elyvilon
Fedhas
Gozag
Hepliaklqana
Makhleb
Okawaru
Sif Muna
Uskayaw
Vehumet
Xom
Zin
The Shining One

Shops:
D:4 =


Innate Abilities, Weirdness & Mutations

You passively map the area around you.
You are easily found by Zot.
You glow in the dark.
You regain HP and MP as you explore.


Message History

Casting: Airstrike (dangerous; 2% risk of failure)
Confirm with . or Enter, or press ? or * to list all spells.
Aiming: Airstrike (dangerous; 2% risk of failure)
Press: ? - help, Dir - move target, f/p - orc warrior
Aim: an orc warrior, wielding a +0 arbalest and wearing a +0 plate armour (lightly wounded, empty space bonus: 2/8)
The air twists around and strikes the orc warrior but does no damage.
The orc warrior shoots a bolt.
The bolt barely misses you.
Unknown command.
The orc warrior shoots a bolt.
The bolt hits you!
The orc warrior shoots a bolt.
The bolt barely misses you.
The orc warrior shoots a bolt.
The bolt hits you!!
* * * LOW HITPOINT WARNING * * *
You are too injured to fight recklessly!
The orc warrior unwields a +0 arbalest.
The orc warrior wields a +0 mace.
The orc warrior barely misses you.
Casting: Airstrike (dangerous; 2% risk of failure)
Confirm with . or Enter, or press ? or * to list all spells.
The orc warrior is struck by an arc of lightning.
The orc warrior is moderately wounded.
The orc wizard is struck by an arc of lightning.
The orc wizard is heavily wounded.
The lightning grounds out.
The orc warrior hits you with a +0 mace!
* * * LOW HITPOINT WARNING * * *
Unknown command.
You feel better. The orc warrior completely misses you.
It was a potion of haste.
You feel yourself speed up.
The orc warrior hits you but does no damage.
The orc wizard gestures wildly while chanting.
The orc wizard flickers and vanishes!
Deactivating autopickup; reactivate with Ctrl-A.
Casting: Static Discharge (safe; 1% risk of failure)
Confirm with . or Enter, or press ? or * to list all spells.
The orc warrior is struck by an arc of lightning!
The orc warrior is heavily wounded.
You are struck by an arc of lightning.
* * * LOW HITPOINT WARNING * * *
The lightning grounds out.
The orc warrior hits you with a +0 mace!
You die...

#.###### #.# #### , *,
#.###... * #....... , ,,
#.###### **#### #.# , , ,
.{# #.# , * * #o# #.#
####@##### #.# #........#
#.# ** #.##.###.# ###.#
,,* #.##.# #.# #...## ,,
** ##....# #.# #....## #
, ,
####.....###.###.....####
,, ,
+.......................'
,
####....####.#.........##
, ,
##.#.####.#.....?...##


You could see an orc warrior.

Vanquished Creatures
  Grinder (D:5)
  An ogre (D:7)
  2 centaurs
  A phantom (D:4)
  Blork the orc (D:5)
  A bullfrog (D:7)
  A necrophage (D:6)
  3 wights (D:5)
  A jelly (D:5)
  An orc priest (D:4)
  4 hounds (D:5)
  Ijyb (D:4)
  An iguana (D:5)
  2 orc wizards
  2 adders
  2 shadow imps
  A white imp (D:7)
  2 ufetubi
  A worm (D:4)
  2 dart slugs
  8 orcs
  3 ball pythons (D:4)
  6 endoplasms
  3 giant cockroaches
  4 goblins
  3 hobgoblins
  A kobold (D:1)
  10 frilled lizards (D:1)
  2 rats (D:1)
71 creatures vanquished.

Vanquished Creatures (others)
  4 plants (D:1)
4 creatures vanquished.

Grand Total: 75 creatures vanquished

Notes
Turn   | Place    | Note
-------+----------+-------------------------------------------
     0 | D:1      | hawla the Meteoran Air Elementalist began the quest for the
                  | Orb.
     0 | D:1      | Reached XP level 1. HP: 14/14 MP: 5/5
   107 | D:1      | Reached XP level 2. HP: 20/20 MP: 0/6
   110 | D:1      | Learned a level 2 spell: Static Discharge
   245 | D:1      | Reached XP level 3. HP: 25/26 MP: 3/8
   363 | D:2      | Found a faded altar of an unknown god.
   391 | D:4      | Noticed a phantom
   397 | D:4      | Killed a phantom
   398 | D:4      | Reached skill level 5 in Air Magic
   398 | D:4      | Reached XP level 4. HP: 16/33 MP: 0/10
   398 | D:4      | Reached XP level 5. HP: 18/38 MP: 0/11
   443 | D:4      | Learned a level 4 spell: Airstrike
   698 | D:4      | Noticed Ijyb
   713 | D:4      | Killed Ijyb
   714 | D:4      | Reached XP level 6. HP: 45/45 MP: 1/13
   750 | D:4      | Found Ofyetsai's Jewellery Boutique.
  1163 | D:5      | Entered Level 5 of the Dungeon
  1163 | D:5      | Noticed Grinder
  1168 | D:5      | Paralysed by Grinder for 3 turns
  1171 | D:5      | Killed Grinder
  1172 | D:5      | Reached skill level 5 in Spellcasting
  1172 | D:5      | Reached XP level 7. HP: 40/50 MP: 0/16
  1236 | D:5      | Reached skill level 1 in Evocations
  1282 | D:5      | Found a staircase to the Ecumenical Temple.
  1288 | Temple   | Entered the Ecumenical Temple
  1476 | Temple   | Became a worshipper of Vehumet
  1507 | D:5      | Reached XP level 8. HP: 55/57 MP: 13/17
  1626 | D:5      | Noticed Blork the orc
  1628 | D:5      | Killed Blork the orc
  1972 | D:6      | Found a hazy altar of Hepliaklqana.
  2079 | D:7      | Gained mutation: You passively map the area around you.
                  | [Meteoran growth]
  2079 | D:7      | Reached XP level 9. HP: 46/62 MP: 10/21
  2205 | D:7      | HP: 3/62 [orc warrior/+0 mace (16)]
  2208 | D:7      | Slain by an orc warrior

Illustrated notes

Levels and vault maps discovered:
D:1:      dpeg_arrival_water_temple_mockup, layout_loops_ring,
          wad_woods_river_04, minmay_lizard_king
D:2:      layout_basic, nicolae_ecumenical_oubliette, uniq_sigmund
D:3:      layout_loops_ring, nicolae_eternal_life, uniq_jessica,
          uniq_crazy_yiuf_cottage
D:4:      layout_basic, serial_shops, shop, uniq_ijyb
D:5:      layout_basic, mainiacjoe_overflow_two_lobes,
          minmay_temple_entry_statues_pillars, uniq_grinder, uniq_blork_the_orc
D:6:      layout_basic, grunt_temple_overflow_open,
          mainiacjoe_overflow_tiny_flanked, kennysheep_generic_room_8
D:7:      layout_loops_corners, pdpol_wu_jian_five_deadly_venoms
Temple:   nicolae_temple_figure_eight

Skill      XL: |  1  2  3  4  5  6  7  8  9 |
---------------+----------------------------+-----
Air Magic      | 4 5 6 7 8 |  8.5
Spellcasting   | 3 4 5 7 8 |  8.1
Conjurations   | 2 3 |  3.9
Dodging        | 3 |  3.2
Evocations     | 2 |  2.0
Stealth        | |  1.4

Action                   |  1- 3 |  4- 6 |  7- 9 || total
-------------------------+-------+-------+-------++-------
Melee: Unarmed           |       |    13 |     1 ||    14
 Cast: Shock             |    32 |    17 |    29 ||    78
       Static Discharge  |     6 |     6 |    13 ||    25
       Airstrike         |       |    11 |    28 ||    39
  Use: Potion            |     1 |     2 |     2 ||     5
       Scroll            |       |       |     9 ||     9
Armor: Robe              |     4 |     5 |     3 ||    12
Dodge: Dodged            |     9 |    10 |    15 ||    34
